 Dungeon Crawl Stone Soup version 0.18-a0-1773-gec4f98e (webtiles) character file.

135 dobroeutro the Skirmisher (level 5, -3/34 HPs)
             Began as a Gargoyle Fighter on Apr 14, 2016.
             Killed from afar by an orc wizard (9 damage)
             ... with a puff of flame
             ... on level 2 of the Dungeon.
             The game lasted 00:03:00 (1410 turns).

dobroeutro the Skirmisher (Gargoyle Fighter)        Turns: 1410, Time: 00:03:00

Health: -3/34      AC: 11    Str: 20    XL:     5   Next: 18%
Magic:  5/5        EV:  5    Int:  9    God:
Gold:   107        SH: 14    Dex:  9    Spells: 0 memorised, 4 levels left

rFire  . . .     SeeInvis .     a - +0 flail
rCold  . . .     Gourm    .     b - +0 scale mail
rNeg   + . .     Faith    .     g - +0 large shield (curse)
rPois  ∞         Spirit   .     (no helmet)
rElec  +         Dismiss  .     (no cloak)
rCorr  .         Reflect  .     (no gloves)
SustAt +         Harm     .     (no boots)
MR     .....                    (no amulet)
Stlth  ..........               (no ring)
                                h - ring of sustain attributes

@: not resistant to hostile enchantments, extremely unstealthy
A: negative energy resistance 1, electricity resistance, unbreathing,
petrification resistance, rot immunity, AC +4
a: no special abilities


You were on level 2 of the Dungeon.
You were not hungry.

You visited 1 branch of the dungeon, and saw 3 of its levels.

You collected 107 gold pieces.

Inventory:

Hand Weapons
 a - a +0 flail (weapon)
Armour
 b - a +0 scale mail (worn)
 g - a cursed +0 large shield (worn)
Jewellery
 h - a ring of sustain attributes (left hand)
Scrolls
 e - 2 scrolls of magic mapping {unknown}
 j - a scroll of blinking {unknown}
 k - 4 scrolls of remove curse {unknown}
 n - 2 scrolls of teleportation {unknown}
 p - a scroll of identify {unknown}
Potions
 c - 2 potions of haste {unknown}
 d - a potion of might
 l - 2 potions of heal wounds {unknown}
 m - a potion of cancellation {unknown}
Comestibles
 f - a bread ration
 i - a royal jelly
 o - a chunk of flesh
 q - a slice of pizza


   Skills:
 + Level 4.5 Fighting
 + Level 3.0 Maces & Flails
 + Level 4.0 Armour
 + Level 4.1 Shields


You had 4 spell levels left.
You didn't know any spells.

Dungeon Overview and Level Annotations

Branches:
Dungeon (3/15)

Altars:


Innate Abilities, Weirdness & Mutations

You are resistant to torment.
Your stone body is resilient (AC +4).
You are immune to poison.
You resist negative energy.
You are resistant to electric shocks.
You can survive without breathing.
You are immune to petrification.
You are immune to rotting.


Message History

The orc wizard falls through a shaft!
The shaft crumbles and collapses.
The orc wizard casts a spell.
The orc wizard seems to speed up.
The orc wizard points at you and mumbles some strange words.
The magic dart hits you! The orc wizard casts a spell at you.
The puff of frost hits you!
The orc wizard hits you but does no damage.
You block the orc wizard's attack.
You closely miss the orc wizard. You block the orc wizard's attack. x2
You closely miss the orc wizard.
The orc wizard gestures at you while chanting.
The puff of flame hits you!
* * * LOW HITPOINT WARNING * * *
The orc wizard completely misses you.
You closely miss the orc wizard.
The orc wizard hits you but does no damage.
The orc wizard points at you and mumbles some strange words.
The puff of flame hits you!
You die...

#..........# #..........#
#..........# #..........#
#### ##........## ####..#
#.......[..# #######.....##
#o.........# #............#
#..........#
#..........#@####..........#
#..........#o#.............#
#..........#o..o..........##
#..........##..(.........##
#..........##......(.###.#
#######..####.....<..# #.#
##.....#.......# #.####
#####.#.......###..##.
#...........##.##.


You could see an orc wizard and an orc.

Vanquished Creatures
  Natasha (twice) (D:2)
  An adder (D:2)
  An ooze (D:1)
  A worm (D:2)
  A dart slug (D:1)
  3 giant geckos
  2 orcs (D:3)
  9 bats
  7 giant cockroaches
  3 goblins (D:2)
  6 hobgoblins
  5 jackals
  A quokka (D:2)
  A ball python (D:1)
  3 giant newts
  3 kobolds
  11 rats
60 creatures vanquished.

Notes
Turn   | Place    | Note
--------------------------------------------------------------
     0 | D:1      | dobroeutro the Gargoyle Fighter began the quest for the Orb.
     0 | D:1      | Reached XP level 1. HP: 14/14 MP: 1/1
    81 | D:1      | Reached XP level 2. HP: 19/19 MP: 2/2
   262 | D:1      | Reached XP level 3. HP: 23/24 MP: 3/3
   832 | D:2      | Noticed Natasha
   837 | D:2      | Killed Natasha
   837 | D:2      | Reached XP level 4. HP: 26/29 MP: 4/4
   959 | D:2      | Noticed Natasha
   977 | D:2      | Killed Natasha
  1002 | D:2      | Reached XP level 5. HP: 18/34 MP: 5/5
  1410 | D:2      | Killed from afar by an orc wizard

Vault maps used:
D:1:      onia_arrival_handbag
D:2:      uniq_natasha

Skill      XL: |  1  2  3  4 |
---------------+-------------+-----
Fighting       | 4 |  4.5
Shields        | 4 |  4.1
Armour         | 4 |  4.0
Maces & Flails | 3 |  3.0

Action                   |  1- 3 |  4- 6 || total
-------------------------+-------+-------++-------
Melee: Flail             |   144 |    85 ||   229
  Eat: Chunk             |       |     2 ||     2
Armor: Scale mail        |    87 |    77 ||   164
Dodge: Dodged            |    49 |    14 ||    63
Block: Shield            |    89 |       ||    89
       Large shield      |    12 |    94 ||   106
